 Dungeon Crawl Stone Soup version bcrawl-1.12-10-g10a67aac0f (webtiles) character file.

Game seed: 8461617376433782034

25645 Goodini51 the Eclecticist (level 13, -5/71 HPs)
             Began as a Fairy Air Elementalist on June 11, 2019.
             Was a High Priest of Sif Muna.
             Slain by Snorg (14 damage)
             ... in the Orcish Mines on June 16, 2019.
             The game lasted 01:14:23 (10419 turns).

Goodini51 the Eclecticist (Fairy Air Elementalist) Turns: 10419, Time: 01:14:23

Health: -5/71      AC: 10    Str:  6    XL:     13   Next: 20%
Magic:  12/43      EV: 17    Int: 25    God:    Sif Muna [*****.]
Gold:   433        SH:  7    Dex: 12    Spells: 19/43 levels left

rFire    + . .     SeeInvis .   u - +2 flail (protect)
rCold    + . .     Gourm    .   (shield restricted)
rNeg     . . .     Faith    .   (armour unavailable)
rPois    .         Spirit   .   H - +1 hat
rElec    +         Reflect  .   F - scarf {repulsion}
rCorr    .         Harm     .   Q - +0 pair of gloves
MR       ++...                  P - +0 pair of boots "Muudula" {rElec rF+ rC+} (curse)
Stlth    +.........             s - amulet of magic regeneration
HPRegen  0.21/turn              l - ring of magical power
MPRegen  0.53/turn              p - ring of protection from magic

@: swift, flying evasively, very slightly contaminated, repel missiles, very
quick
A: small, magic attunement, unstealthy, unfitting armour, able to fly, AC/SH +7
a: Stop Flying, Divine Energy, Channel Magic, Forget Spell, Renounce Religion


You were in the Orcish Mines.
You worshipped Sif Muna.
Sif Muna was extremely pleased with you.
You were not hungry.

You visited 3 branches of the dungeon, and saw 13 of its levels.

You collected 1207 gold pieces.
You spent 774 gold pieces at shops.

Inventory:

Hand Weapons
 u - a +2 flail of protection (weapon)
 A - a +2 short sword of electrocution
 K - the +5 quarterstaff "Impbane" {freeze, rN+ MR+}
   (You found it on level 9 of the Dungeon)

   It has been specially enchanted to freeze those struck by it, causing extra
   injury to most foes and up to half again as much damage against particularly
   susceptible opponents.
   It can also slow down cold-blooded creatures.
   It protects you from negative energy.
   It affects your resistance to hostile enchantments.
Armour
 r - a +0 cloak
 D - a +2 shield
 F - a scarf of repulsion (worn)
 H - a +1 hat (worn)
 P - the cursed +0 pair of boots "Muudula" (worn) {rElec rF+ rC+}
   (You bought it in a shop on level 4 of the Dungeon)

   It protects you from fire.
   It protects you from cold.
   It insulates you from electricity.
   It has a curse placed upon it.
 Q - a +0 pair of gloves (worn)
Magical Staves
 N - an uncursed staff of earth
Jewellery
 l - a ring of magical power (left hand)
 p - a ring of protection from magic (right hand)
 s - an amulet of magic regeneration (around neck)
 y - an uncursed amulet of the gourmand
 O - a +3 ring of intelligence
Wands
 w - a wand of paralysis (12)
 I - a wand of disintegration (14)
Scrolls
 e - 5 scrolls of teleportation
 h - 4 scrolls of remove curse
 i - 2 scrolls of fear
 j - a scroll of magic mapping
 o - 4 scrolls of enchant weapon
 t - 3 scrolls of enchant armour
 v - 2 scrolls of amnesia
 z - a scroll of fog
 B - a scroll of noise {unknown}
 M - a scroll of immolation {unknown}
Potions
 a - 2 potions of magic
 c - a potion of berserk rage {unknown}
 d - 3 potions of lignification
 f - 4 potions of heal wounds
 g - 3 potions of agility {unknown}
 k - 5 potions of curing
 q - 2 potions of flight {unknown}
 x - 2 potions of haste {unknown}
 C - a potion of resistance {unknown}
 E - 3 potions of brilliance {unknown}
 G - 2 potions of mutation {unknown}
 J - a potion of ambrosia {unknown}
Miscellaneous
 L - a lamp of fire
Comestibles
 b - 23 rations {!d}
 m - a chunk of flesh


   Skills:
 + Level 0.1 Fighting
 + Level 3.9 Dodging
 - Level 2.3 Stealth
 + Level 1.4 Shields
 * Level 15.7 Spellcasting
 * Level 8.6 Conjurations
 + Level 3.4 Hexes
 + Level 5.7 Charms
 * Level 15.7 Air Magic


You had 19 spell levels left.
You knew the following spells:

 Your Spells              Type           Power        Failure   Level  Hunger
a - Shock                 Conj/Air       ####         1%          1    None
b - Swiftness             Chrm/Air       ######..     1%          2    None
c - Airstrike             Air            #######...   1%          4    None
d - Static Discharge      Conj/Air       ######..     1%          3    None
e - Confuse               Hex            #####...     1%          3    None
f - Lightning Bolt        Conj/Air       ######....   1%          5    None
g - Deflect Missiles      Chrm/Air       ######....   4%          6    None

Your spell library contained the following spells:

 Spells                   Type           Power        Failure   Level  Hunger
 Corona                   Hex            #####..      1%          1    None
 Infusion                 Chrm           #####...     1%          1    None
 Slow                     Hex            #####...     1%          1    None
 Ensorcelled Hibernation  Hex/Ice        ####..       1%          2    None
 Poisonous Vapours        Pois/Air       ######       1%          2    None
 Shackle                  Hex            #####...     1%          2    None
 Throw Frost              Conj/Ice       #####.       1%          2    None
 Dazzling Spray           Conj/Hex       #####.       1%          3    None
 Iskenderun's Mystic Bla  Conj           ######..     1%          3    None
 Mephitic Cloud           Conj/Pois/Air  ######..     1%          3    None
 Spectral Weapon          Hex/Chrm       #####...     1%          3    None
 Stone Arrow              Conj/Erth      #####.       1%          3    None
 Silence                  Hex/Air        ######....   1%          5    None
 Apportation              Tloc           ###...       2%          1    None
 Freeze                   Ice            ###.         2%          1    None
 Sandblast                Erth           ###...       2%          1    None
 Summon Butterflies       Summ           ###.....     2%          1    None
 Ozocubu's Armour         Chrm/Ice       ####....     2%          3    None
 Fulminant Prism          Conj/Hex       #####.....   2%          4    None
 Conjure Ball Lightning   Conj/Air       ######....   2%          6    None
 Summon Lightning Spire   Summ/Air       ######..     3%          5    None
 Passwall                 Tmut/Erth      ###.....     4%          2    None
 False Image              Hex/Summ       ####....     4%          3    None
 Inner Flame              Hex/Fire       N/A          4%          3    None
 Throw Icicle             Conj/Ice       #####...     4%          4    None
 Cause Fear               Hex            #####.....   7%          4    None
 Piercing Shot            Chrm           #####.....   7%          5    None
 Vampiric Draining        Necr           ###.......   9%          3    None
 Bolt of Draining         Conj/Necr      #####.....   13%         5    None
 Yara's Violent Unravell  Hex/Tmut       ####......   14%         4    None
 Freezing Cloud           Conj/Ice/Air   ######....   16%         6    None
 Bolt of Magma            Conj/Fire/Erth ####......   24%         5    None
 Ice Form                 Ice/Tmut       ###.....     26%         4    None
 Petrify                  Tmut/Erth      ###.....     26%         4    None
 Summon Ice Beast         Ice/Summ       ###.....     26%         4    None
 Metabolic Englaciation   Hex/Ice        ####......   36%         5    None
 Orb of Destruction       Conj           ######....   56%         7    None
 Lee's Rapid Deconstruct  Erth           ###.......   58%         5    None
 Bolt of Fire             Conj/Fire      #####.....   58%         6    None
 Poison Arrow             Conj/Pois      #####.....   58%         6    None
 Darkness                 Hex            #####.....   71%         6    None
 Invisibility             Hex            #####...     71%         6    None
 Chain Lightning          Conj/Air       ######....   77%         8    None
 Borgnjor's Vile Clutch   Necr/Erth      ###.......   99%         6    None
 Death Channel            Necr           ###.......   99%         6    None
 Ozocubu's Refrigeration  Ice            ###.......   99%         6    None
 Simulacrum               Ice/Necr       ###.......   99%         6    None
 Tornado                  Air            #######...   99%         9    None
 Haunt                    Necr/Summ      ###.......   100%        7    None
 Discord                  Hex            #####.....   100%        8    None
 Glaciate                 Conj/Ice/Air   ######....   100%        8    None


Dungeon Overview and Level Annotations

Branches:
Dungeon (11/12)            Temple (1/1) D:4            Lair (0/6) D:8
    Orc (1/1) D:9             Elf (0/3) Orc
 Vaults: D:11-12

Altars:
Cheibriados
Dithmenos
Elyvilon
Fedhas
Gozag
Hepliaklqana
Kikubaaqudgha
Lugonu
Nemelex Xobeh
Okawaru
Qazlal
Ru
Sif Muna
Trog
Uskayaw
Vehumet
Wu Jian
Xom
Yredelemnul
Zin
The Shining One
Beogh

Shops:
D:4 [:((   D:8 [

Annotations:
D:9 2 transporters, nawrastar's ghost, journeyman DWRg
D:11 3 runed translucent doors, Freyura's ghost, journeyman HOFi Orc Snorg


Innate Abilities, Weirdness & Mutations

Your spells do not cause hunger and MP costs are reduced by 1.
Your bright wings attract enemies. (Stealth-)
You cannot fit into any form of body armour.
Your shimmering scales are hard and can block incoming attacks. (AC +7, SH +7)
You are small and have problems with some larger weapons.
You can fly continuously.


Message History

Casting: Airstrike (safe; 1% risk of failure)
Confirm with . or Enter, or press ? or * to list all spells.
Aiming: Airstrike (safe; 1% risk of failure)
Press: ? - help, Dir - move target cursor, f/p - Snorg
Aim: Snorg (severely wounded, berserk, fast, unusually strong)
The air twists around and strikes Snorg!
Snorg is almost dead.
Snorg bites you! Snorg misses you. Snorg claws you but does no damage.
Snorg bites you! Snorg misses you. Snorg claws you!
Casting: Airstrike (safe; 1% risk of failure)
Confirm with . or Enter, or press ? or * to list all spells.
You feel quick. Snorg misses you. x2; Snorg claws you!
* * * LOW HITPOINT WARNING * * *
You hear a shout!
Items here: )))))) [[ †† You see here a gnoll skeleton.
Snorg misses you. Snorg claws you!
* * * LOW HITPOINT WARNING * * *
Snorg claws you!
You die...

#<............######....
###........#.####...#...
#........####.........
##.......# #....#.....
##......# ##.#.##.#.#
###...## ##...#####
##..### ##.## #....# ###
##.@## #.T.# ## ##)###
#.## ...#.)).#####...##
#...#....##..#...##
#..#.).o##........##
....#.........[......
#.......#..).#........
#...................#.


You could see Snorg (berserk) and an orc warrior.

Vanquished Creatures
  A catoblepas (D:11)
  A hydra (D:11)
  3 centaur warriors
  6 two-headed ogres
  2 tengu warriors
  An ogre mage (D:11)
  An unseen horror (D:11)
  A deep troll (D:11)
  A cyclops (D:9)
  A wolf spider (D:11)
  A wolf spider zombie (D:10)
  2 slime creatures (D:11)
  A manticore (D:11)
  A deep elf mage (D:10)
  A salamander (shapeshifter) (D:9)
  A centaur zombie (D:8)
  A kobold demonologist (D:10)
  A komodo dragon (D:10)
  3 tengu conjurers
  5 trolls
  A meliai zombie (D:10)
  4 hippogriffs
  5 yaks (D:11)
  A steam dragon (D:8)
  Menkaure (D:5)
  A vampire mosquito (D:11)
  2 wargs (Orc)
  2 water moccasins
  3 sky beasts
  2 phantoms
  5 orc warriors
  An ice beast (D:9)
  An eye of draining (D:10)
  A necrophage (D:7)
  8 ogres
  8 centaurs (D:11)
  A wolf (D:8)
  21 big kobolds
  A bullfrog (D:5)
  A hornet simulacrum (D:11)
  A scorpion (D:8)
  11 killer bees
  4 wights (D:9)
  A howler monkey (D:5)
  4 electric eels (D:8)
  A bullfrog zombie (D:8)
  6 crimson imps
  12 hounds
  3 jellies
  5 centaur skeletons
  A bullfrog skeleton (D:7)
  8 orc priests
  An iguana (D:7)
  11 orc wizards
  5 worker ants
  2 hound skeletons
  2 worker ant zombies (D:6)
  12 gnolls
  9 adders
  2 shadow imps (D:5)
  3 oozes
  2 adder zombies (D:5)
  4 worms
  2 dart slugs
  7 leopard geckos
  18 orcs
  3 giant cockroaches
  A goblin (D:2)
  8 hobgoblins
  10 jackals
  A quokka (D:2)
  4 ball pythons
  4 bats
  3 frilled lizards (D:1)
  25 kobolds
  9 rats
310 creatures vanquished.

Notes
Turn   | Place    | Note
-------+----------+-------------------------------------------
     0 | D:1      | Goodini51 the Fairy Air Elementalist began the quest for
                  | the Orb.
     0 | D:1      | Reached XP level 1. HP: 11/11 MP: 6/6
   246 | D:1      | Reached XP level 2. HP: 17/17 MP: 7/7
   289 | D:1      | Learned a level 2 spell: Swiftness
   677 | D:2      | Reached XP level 3. HP: 21/21 MP: 7/9
   684 | D:2      | Found a snail-covered altar of Cheibriados.
   838 | D:2      | Found a blossoming altar of Fedhas.
   891 | D:2      | Found a glowing golden altar of the Shining One.
   891 | D:2      | Found a white marble altar of Elyvilon.
   891 | D:2      | Found a glowing silver altar of Zin.
   904 | D:2      | Reached XP level 4. HP: 23/27 MP: 9/11
  1018 | D:2      | Found a radiant altar of Vehumet.
  1019 | D:2      | Found a corrupted altar of Lugonu.
  1038 | D:2      | Learned a level 4 spell: Airstrike
  1042 | D:2      | Learned a level 3 spell: Static Discharge
  1425 | D:3      | Reached XP level 5. HP: 31/31 MP: 13/13
  1540 | D:3      | Found a shadowy altar of Dithmenos.
  1556 | D:3      | Reached skill level 5 in Spellcasting
  1949 | D:4      | Found Fiubbu's Weapon Emporium.
  2128 | D:4      | Found a bloodstained altar of Trog.
  2146 | D:4      | Reached skill level 5 in Air Magic
  2200 | D:4      | Learned a level 3 spell: Confuse
  2271 | D:4      | Reached XP level 6. HP: 36/36 MP: 16/16
  2281 | D:4      | Found Otto Osu's Book Shoppe.
  2409 | D:4      | Found a staircase to the Ecumenical Temple.
  2426 | Temple   | Entered the Ecumenical Temple
  2439 | Temple   | Became a worshipper of Sif Muna the Loreminder
  2482 | D:4      | Found Suj Heamubah's Armour Shoppe.
  2710 | D:4      | Found Ziluexte's Antique Weapon Boutique.
  2721 | D:5      | Entered Level 5 of the Dungeon
  2816 | D:5      | Noticed Menkaure
  2819 | D:5      | Killed Menkaure
  2938 | D:5      | Reached XP level 7. HP: 41/41 MP: 18/18
  3103 | D:5      | Learned a level 5 spell: Lightning Bolt
  3168 | D:6      | Reached * piety under Sif Muna
  3220 | D:6      | Reached skill level 1 in Hexes
  3534 | D:6      | Identified Sif Muna's Disquisition on Cold and Air (Sif
                  | Muna gifted it to you on level 6 of the Dungeon)
  3534 | D:6      | Received a gift from Sif Muna
  3638 | D:6      | Reached XP level 8. HP: 46/46 MP: 21/21
  4124 | D:7      | Noticed a troll
  4130 | D:7      | Killed a troll
  4130 | D:7      | Reached ** piety under Sif Muna
  4670 | D:8      | Found a shimmering altar of Xom.
  4670 | D:8      | Found a shimmering altar of Xom.
  4670 | D:8      | Found a shimmering altar of Xom.
  4670 | D:8      | Found a shimmering altar of Xom.
  4670 | D:8      | Found a shimmering altar of Xom.
  4670 | D:8      | Found a shimmering altar of Xom.
  4670 | D:8      | Found a shimmering altar of Xom.
  4679 | D:8      | Reached XP level 9. HP: 51/51 MP: 23/23
  4763 | D:8      | Noticed a troll
  4768 | D:8      | Killed a troll
  4768 | D:8      | Reached *** piety under Sif Muna
  4768 | D:8      | Identified Sif Muna's Collected Works on Sinister Rites
                  | (Sif Muna gifted it to you on level 8 of the Dungeon)
  4768 | D:8      | Received a gift from Sif Muna
  4768 | D:8      | Reached skill level 10 in Air Magic
  4846 | D:8      | Reached skill level 10 in Spellcasting
  4970 | D:8      | Found a staircase to the Lair.
  4981 | D:8      | Learned a level 6 spell: Deflect Missiles
  5062 | D:8      | Reached skill level 5 in Conjurations
  5062 | D:8      | Reached XP level 10. HP: 56/56 MP: 26/26
  5311 | D:8      | Noticed a two-headed ogre
  5312 | D:8      | Reached skill level 1 in Charms
  5328 | D:8      | Killed a two-headed ogre
  5337 | D:8      | Identified Dedon's Handbook of Captivating Weightlessness
                  | (Sif Muna gifted it to you on level 8 of the Dungeon)
  5337 | D:8      | Received a gift from Sif Muna
  5477 | D:8      | Found Asudd's Antique Armour Boutique.
  5480 | D:8      | Bought a glowing scarf for 224 gold pieces
  5480 | D:8      | Bought a runed hat for 196 gold pieces
  5718 | D:9      | Found a staircase to the Orcish Mines.
  5904 | D:9      | Reached **** piety under Sif Muna
  6044 | D:9      | Got a crude quarterstaff
  6045 | D:9      | Identified the +5 quarterstaff "Impbane" {freeze, rN+ MR+}
                  | (You found it on level 9 of the Dungeon)
  6151 | D:9      | Noticed a centaur warrior
  6156 | D:9      | Killed a centaur warrior
  6156 | D:9      | Noticed a tengu warrior
  6380 | D:9      | Killed a tengu warrior
  6380 | D:9      | Reached XP level 11. HP: 38/61 MP: 26/29
  6507 | D:9      | Noticed a cyclops
  6540 | D:9      | Killed a cyclops
  6613 | D:9      | Noticed a salamander
  6619 | D:9      | Killed a salamander
  6734 | D:9      | Noticed nawrastar's ghost (journeyman DWRg)
  6921 | D:9      | Found a transporter.
  6925 | D:9      | Found a transporter.
  7207 | D:9      | Found a roughly hewn altar of Beogh.
  7296 | D:10     | Entered Level 10 of the Dungeon
  7484 | D:10     | Identified Sif Muna's Guide on the Scorching Frostbite (Sif
                  | Muna gifted it to you on level 10 of the Dungeon)
  7484 | D:10     | Received a gift from Sif Muna
  7639 | D:10     | Reached skill level 1 in Shields
  7908 | D:10     | Noticed a catoblepas
  7914 | D:10     | Found a sacrificial altar of Ru.
  7918 | D:10     | Reached ***** piety under Sif Muna
  7976 | D:10     | Noticed a deep elf mage
  7976 | D:10     | Noticed a skeletal warrior
  7976 | D:10     | Noticed a brown ugly thing
  7976 | D:10     | Noticed a skeletal warrior
  7988 | D:10     | Killed a deep elf mage
  8328 | D:11     | Noticed a manticore
  8331 | D:11     | Killed a manticore
  8402 | D:11     | Noticed a centaur warrior
  8407 | D:11     | Killed a centaur warrior
  8407 | D:11     | Reached XP level 12. HP: 38/66 MP: 25/31
  8531 | D:11     | Noticed a centaur warrior
  8536 | D:11     | Killed a centaur warrior
  8536 | D:11     | Identified Sif Muna's Tome of Damage Dealing (Sif Muna
                  | gifted it to you on level 11 of the Dungeon)
  8536 | D:11     | Received a gift from Sif Muna
  8706 | D:11     | Noticed a deep elf knight
  8707 | D:11     | Noticed a frost giant
  8708 | D:11     | Noticed an ettin
  8709 | D:11     | Noticed an ogre mage
  8710 | D:11     | Noticed Freyura's ghost (journeyman HOFi)
  8719 | D:11     | Noticed a tengu warrior
  8727 | D:11     | Killed a tengu warrior
  8819 | D:11     | Found a runed translucent gate.
  8819 | D:11     | Found a runed translucent gate.
  8819 | D:11     | Found a runed translucent gate.
  8890 | D:11     | Noticed an eight-headed hydra
  8896 | D:11     | Killed an eight-headed hydra
  8919 | D:11     | Noticed a two-headed ogre
  8919 | D:11     | Noticed a two-headed ogre
  8920 | D:11     | Noticed a two-headed ogre
  8922 | D:11     | Noticed a two-headed ogre
  8924 | D:11     | Killed a two-headed ogre
  8925 | D:11     | Noticed an ogre mage
  8941 | D:11     | Killed a two-headed ogre
  8941 | D:11     | Reached skill level 5 in Charms
  8941 | D:11     | Killed a two-headed ogre
  8948 | D:11     | Killed an ogre mage
  8948 | D:11     | Identified Baqek's Collected Works on the Oath (Sif Muna
                  | gifted it to you on level 11 of the Dungeon)
  8948 | D:11     | Received a gift from Sif Muna
  8948 | D:11     | Reached skill level 15 in Air Magic
  8948 | D:11     | Killed a two-headed ogre
  8948 | D:11     | Reached skill level 15 in Spellcasting
  9408 | D:11     | Reached XP level 13. HP: 71/71 MP: 27/34
  9483 | D:11     | Found a shimmering altar of Xom.
  9911 | D:4      | Bought the cursed +0 pair of boots "Muudula" {rElec rF+
                  | rC+} for 354 gold pieces
 10040 | Orc      | Entered the Orcish Mines
 10142 | Orc      | Found a staircase to the Elven Halls.
 10403 | Orc      | Noticed Snorg
 10419 | Orc      | Slain by Snorg

Skill      XL: |  1  2  3  4  5  6  7  8  9 10 11 12 |
---------------+-------------------------------------+-----
Dodging        | 3 |  3.9
Air Magic      | 4 5 7 8 10 12 13 15 | 15.7
Spellcasting   | 3 4 5 6 7 8 10 12 13 15 | 15.7
Conjurations   | 3 4 5 6 7 8 |  8.6
Hexes          | 1 2 3 |  3.4
Stealth        | 2 |  2.3
Charms         | 2 4 5 |  5.7
Shields        | 1 |  1.4
Fighting       | |  0.1

Action                   |  1- 3 |  4- 6 |  7- 9 | 10-12 | 13-15 || total
-------------------------+-------+-------+-------+-------+-------++-------
Melee: Flail             |       |       |       |     2 |       ||     2
 Cast: Shock             |    64 |    91 |    54 |    29 |    21 ||   259
       Airstrike         |       |    17 |   107 |   262 |    65 ||   451
       Swiftness         |       |       |     2 |     2 |     1 ||     5
       Lightning Bolt    |       |       |     2 |    23 |     4 ||    29
       Static Discharge  |       |       |       |     1 |       ||     1
  Use: Scroll            |       |     2 |     9 |     8 |     1 ||    20
  Eat: Chunk             |       |     6 |     6 |     9 |     4 ||    25
       Ration            |       |       |       |     1 |       ||     1
Armor: Skin              |     1 |       |     4 |    23 |     3 ||    31
Dodge: Dodged            |    10 |    17 |    11 |    84 |     6 ||   128
       Deflected         |       |       |       |    14 |       ||    14
Block: Other             |     1 |     3 |     4 |       |     1 ||     9
       Buckler           |       |       |     6 |    69 |       ||    75
       Shield            |       |       |       |     6 |       ||     6
